 Dungeon Sprint DCSS version 0.19.4-9-g45fd643 (webtiles) character file.

1200000 protoss039 the Ghoulish Arbalest (level 16, -2/151 HPs)
             Began as a Ghoul Wanderer on Feb 21, 2017.
             Was a Believer of Makhleb.
             Slain by a bag of meat
             ... wielding a +9 war axe
              (8 damage)
             ... in the Dungeon (Sprint VIII: "Arena of Blood").
             The game lasted 00:00:29 (12 turns).

protoss039 the Ghoulish Arbalest (Ghoul Wanderer)     Turns: 12, Time: 00:00:30

Health: -2/151     AC:  4    Str: 21    XL:     16   Next: 81%
Magic:  15/15      EV: 17    Int:  5    God:    Makhleb [**....]
Gold:   0          SH:  0    Dex: 12    Spells: 0 memorised, 15 levels left

rFire  . . .     SeeInvis .     l - +∞ Axe of Woe
rCold  + . .     Gourm    .     e - +0 robe
rNeg   + + +     Faith    .     (shield currently unavailable)
rPois  ∞         Spirit   .     (no helmet)
rElec  .         Reflect  .     (no cloak)
rCorr  .         Harm     .     (no gloves)
MR     +....     NoTele   +     (no boots)
Stlth  +++++.....               (no amulet)
                                (no ring)
                                (no ring)

@: rotting
A: rotting body, claws 1, carnivore 3, cold resistance 1, negative energy
resistance 3, slow regeneration 1, torment resistance, unbreathing
a: Minor Destruction, Renounce Religion


You were in the Dungeon.
You worshipped Makhleb.
Makhleb was pleased with you.
You were not hungry.

You visited 1 branch

Inventory:

Hand Weapons
 a - a +2 hand crossbow
 l - the +∞ Axe of Woe (weapon)
   (You found it in the Dungeon)
Missiles
 b - 29 bolts
Armour
 e - a +0 robe (worn)
Scrolls
 c - a scroll of teleportation
 k - a scroll of blinking
Potions
 d - 2 potions of curing
 g - a potion of heal wounds
 h - a potion of haste
 i - 2 potions of magic
 j - a potion of berserk rage
Comestibles
 f - a meat ration


   Skills:
 + Level 15.8 Fighting
   Level 1.0 Long Blades
 + Level 16.6 Axes
 O Level 27 Crossbows
 + Level 9.6 Throwing
 + Level 22.8 Armour
 + Level 9.3 Dodging
 + Level 11.4 Stealth


You had 15 spell levels left.
You didn't know any spells.

Dungeon Overview and Level Annotations

Branches:
Dungeon (1/1)

Altars:
Makhleb


Innate Abilities, Weirdness & Mutations

Your body is rotting away.
You thrive on raw meat.
You are immune to poison.
You have sharp fingernails.
You are carnivorous and can eat meat at any time.
Your flesh is cold resistant. (rC+)
You are immune to negative energy. (rN+++)
You regenerate slowly when monsters are visible.
You are immune to unholy pain and torment.
You can survive without breathing.


Message History

Makhleb accepts your kill.
You can now harness Makhleb's destructive might.
Your Fighting skill gained 2 levels and is now at level 15!
Your Axes skill gained 3 levels and is now at level 16!
Your Throwing skill increases to level 9!
Your Armour skill gained 2 levels and is now at level 22!
Your Dodging skill gained 2 levels and is now at level 9!
Your Stealth skill increases to level 11!
You hear a shout! x11
The bag of meat appears out of thin air!
A bag of meat comes into view. It is wielding a +9 war axe.
You hear a shout! x3
A bag of meat comes into view. It is wielding a +9 war axe.
Unknown command.
Press < or > to pray at altars.
Unknown command.
Press < or > to pray at altars.
You hear a shout! x10
The bag of meat hits you with a +9 war axe!
You die...

#.. ..# #.. ..#
.###.. ..###.
......###......
..o.._.....
#.....# .
#_.o._# .
....#..o).#....
......)@.......
......###......
.###o. ..###.
#.. ..# #. .#
.. .. .. ..


You could see 4 bags of meat.

Vanquished Creatures
  4 ogres (D)
  An orc (D)
5 creatures vanquished.

Notes
Turn   | Place    | Note
-------+----------+-------------------------------------------
     0 | D        | protoss039 the Ghoul Wanderer began the quest for the Orb.
     0 | D        | protoss039 set off with: a +2 hand crossbow, 29 bolts, a scroll of teleportation, 2 potions of curing, a +0 robe, a meat ration, a potion of heal wounds, a potion of haste, 2 potions of magic, a potion of berserk rage, a scroll of blinking
     0 | D        | Reached XP level 1. HP: 16/16 MP: 0/0
     2 | D        | Became a worshipper of Makhleb the Destroyer
     4 | D        | Noticed a bag of meat
     4 | D        | Noticed a bag of meat
     6 | D        | Noticed a meat berserker
     6 | D        | Noticed a meat berserker
     6 | D        | Noticed a meat berserker
     6 | D        | Noticed a meat berserker
     9 | D        | Killed a meat berserker
     9 | D        | Reached skill level 5 in Axes
     9 | D        | Reached skill level 23 in Crossbows
     9 | D        | Reached skill level 5 in Stealth
     9 | D        | Reached XP level 2. HP: 31/31 MP: 1/1
     9 | D        | Reached XP level 3. HP: 38/38 MP: 2/2
     9 | D        | Reached XP level 4. HP: 45/45 MP: 3/3
     9 | D        | Reached XP level 5. HP: 51/51 MP: 4/4
     9 | D        | Reached XP level 6. HP: 58/58 MP: 5/5
     9 | D        | Reached XP level 7. HP: 64/64 MP: 6/6
     9 | D        | Reached XP level 8. HP: 71/71 MP: 7/7
     9 | D        | Reached XP level 9. HP: 78/78 MP: 8/8
     9 | D        | Reached XP level 10. HP: 84/84 MP: 9/9
     9 | D        | Reached XP level 11. HP: 91/91 MP: 10/10
     9 | D        | Reached XP level 12. HP: 97/97 MP: 11/11
     9 | D        | Reached XP level 13. HP: 104/104 MP: 12/12
    10 | D        | Noticed a bag of meat
    10 | D        | Killed a meat berserker
    10 | D        | Reached * piety under Makhleb
    10 | D        | Reached skill level 27 in Crossbows
    10 | D        | Reached skill level 5 in Throwing
    10 | D        | Reached skill level 15 in Armour
    10 | D        | Reached skill level 5 in Dodging
    10 | D        | Reached XP level 14. HP: 80/116 MP: 13/13
    10 | D        | Killed a bag of meat
    10 | D        | Reached skill level 10 in Fighting
    10 | D        | Reached skill level 10 in Axes
    10 | D        | Reached XP level 15. HP: 88/128 MP: 14/14
    10 | D        | HP: 5/128 [meat berserker/+9 battleaxe (33)]
    11 | D        | Killed a meat berserker
    11 | D        | Reached skill level 10 in Stealth
    11 | D        | Reached XP level 16. HP: 5/144 MP: 15/15
    11 | D        | Killed a meat berserker
    11 | D        | Reached ** piety under Makhleb
    11 | D        | Reached skill level 15 in Fighting
    12 | D        | Slain by a bag of meat

Skill      XL: |  1  2  3  4  5  6  7  8  9 10 11 12 13 14 15 16 |
---------------+-------------------------------------------------+-----
Fighting       | 6 8 10 13 15 | 15.8
Axes           | 5 7 10 13 16 | 16.6
Crossbows      | 23 27 | 27.0
Throwing       | 4 5 6 8 9 |  9.6
Armour         | 13 15 17 20 22 | 22.8
Dodging        | 4 5 6 7 9 |  9.3
Stealth        | 5 7 8 10 11 | 11.4
Long Blades    | |  1.0

Action                   |  1- 3 |  4- 6 |  7- 9 | 10-12 | 13-15 | 16-18 || total
-------------------------+-------+-------+-------+-------+-------+-------++-------
Melee: Executioner's axe |     1 |       |       |       |     2 |       ||     3
